cohdb
Replays
Latest Replays
All Replays
Popular Replays
Top Player Replays
Match Explorer
How It Works
Community
CoH3 Stats
Reddit
Sign in to upload your games and track your stats! →
Sign in with Steam
Match 43006790
Unlisted
Match 43006790
Overview
Messages
Build Orders
End
Scout Squad
Construct Barracks
Selects Armored Battlegroup
Selects Veteran Crews
1⁄4-ton 4x4 Truck
Riflemen Squad
Riflemen Squad
M1 Mortar Team
1⁄4-ton 4x4 Truck
Air Support Center
P-47 Strafing Run
P-47 Dive Bomb
Riflemen Squad
Selects Fast Deploy
P-47 Strafing Run
P-47 Dive Bomb
Selects M8 Scott SPG
M8 Scott SPG
Construct Tank Depot
Engineer Squad
P-47 Strafing Run
P-47 Strafing Run
M4A1 Sherman Medium Tank
Construct Medical Station
P-47 Dive Bomb
Selects Field Repairs
P-47 Strafing Run
M8 Scott SPG
Selects War Machine
P-47 Strafing Run
P-47 Dive Bomb
M18 Hellcat Tank Destroyer
P-47 Strafing Run
Selects UNKNOWN (2160077)
M18 Hellcat Tank Destroyer
Grasshopper Recon Run
P-47 Dive Bomb
P-47 Strafing Run
Engineer Squad
P-47 Strafing Run
XuZhongwei
korn013
0
0
Comments
sign in to comment!
No comments posted yet!